 Dungeon Crawl Stone Soup version 0.19.4 (webtiles) character file.

142 empire the Gusty (level 5, -1/28 HPs)
             Began as a Deep Elf Air Elementalist on Feb 3, 2017.
             Killed by divine providence
             ... invoked by an orc priest
              (8 damage)
             ... on level 4 of the Dungeon.
             The game lasted 00:04:25 (2457 turns).

empire the Gusty (Deep Elf Air Elementalist)        Turns: 2457, Time: 00:04:26

Health: -1/28      AC:  4    Str:  6    XL:     5   Next: 3%
Magic:  1/11       EV: 13    Int: 20    God:
Gold:   118        SH:  0    Dex: 15    Spells: 4 memorised, 2 levels left

rFire  . . .     SeeInvis .     a - +2 dagger (venom)
rCold  . . .     Gourm    .     X - +0 robe
rNeg   . . .     Faith    .     (no shield)
rPois  .         Spirit   .     (no helmet)
rElec  .         Reflect  .     W - +0 cloak
rCorr  .         Harm     .     Z - +0 pair of gloves
MR     .....                    (no boots)
Stlth  ++........               (no amulet)
                                (no ring)
                                (no ring)

@: very slightly contaminated
A: no striking features
a: no special abilities


You were on level 4 of the Dungeon.
You were hungry.

You visited 1 branch of the dungeon, and saw 4 of its levels.

You collected 118 gold pieces.

Inventory:

Hand Weapons
 a - a +2 dagger of venom (weapon)
Armour
 W - a +0 cloak (worn)
 X - a +0 robe (worn)
 Z - a +0 pair of gloves (worn)
Jewellery
 u - a cursed -5 ring of evasion {unknown}
Scrolls
 e - 2 scrolls of magic mapping {unknown}
 g - a scroll of random uselessness {unknown}
 i - a scroll of recharging {unknown}
 j - a scroll of remove curse {unknown}
 l - 7 scrolls of identify {unknown}
 p - 2 scrolls of enchant armour {unknown}
Potions
 d - 2 potions of curing
 h - a potion of ambrosia {unknown}
 n - a potion of flight {unknown}
 o - a potion of cure mutation {unknown}
 r - a potion of heal wounds {unknown}
 v - a potion of degeneration {unknown}
Books
 b - a book of Air

   Spells                             Type                      Level
   a - Shock                          Conjuration/Air              1
   b - Swiftness                      Charms/Air                   2
   c - Repel Missiles                 Charms/Air                   2
   d - Static Discharge               Conjuration/Air              3
   e - Lightning Bolt                 Conjuration/Air              5
 m - a book of Frost

   Spells                             Type                      Level
   a - Freeze                         Ice                          1
   b - Throw Frost                    Conjuration/Ice              2
   c - Ozocubu's Armour               Charms/Ice                   3
   d - Throw Icicle                   Conjuration/Ice              4
   e - Summon Ice Beast               Ice/Summoning                4
Comestibles
 c - 6 bread rations
 f - a royal jelly
 k - 2 slices of pizza
 q - a beef jerky
 s - a meat ration


   Skills:
 - Level 2.4 Dodging
 - Level 2.4 Stealth
 - Level 3.0 Spellcasting
 + Level 3.5 Conjurations
 + Level 1.1 Charms
 + Level 1.0 Ice Magic
 + Level 4.4 Air Magic


You had 2 spell levels left.
You knew the following spells:

 Your Spells              Type           Power        Failure   Level  Hunger
a - Shock                 Conj/Air       ###.         2%          1    None
b - Swiftness             Chrm/Air       ##......     10%         2    ##.....
c - Ozocubu's Armour      Chrm/Ice       #.......     30%         3    ###....
d - Repel Missiles        Chrm/Air       ##....       10%         2    ##.....


Dungeon Overview and Level Annotations

Branches:
Dungeon (4/15)
 Temple: D:4-7

Altars:
Okawaru


Message History

The orc barely misses you.
Casting: Shock
Confirm with . or Enter, or press ? or * to list all spells.
Aiming: Shock
Press: ? - help, Shift-Dir - straight line, f/p - orc
Aim: an orc, wielding a short sword The zap hits the orc.
The orc is lightly wounded.
The orc closely misses you.
The orc priest calls down the wrath of Beogh upon you.
Pain shoots through your body!
* * * LOW HITPOINT WARNING * * *
It was a potion of curing.
You feel better. The orc hits you but does no damage.
The orc priest barely misses you.
There is a stone staircase leading up here.
The orc hits you with a short sword.
* * * LOW HITPOINT WARNING * * *
The orc priest invokes the aid of Beogh against you.
Beogh smites you!
You die...

#............
#............
#....).......
#....).......
#....###.....
#....### ###
#......#
#.oo...#
#.@....#
#.....##
#######


You could see an orc priest and an orc.

Vanquished Creatures
  Ijyb (D:2)
  A worker ant (D:3)
  A gnoll (D:2)
  3 adders
  An ooze (D:3)
  A worm (D:2)
  A dart slug (D:2)
  2 leopard geckos
  4 orcs
  3 giant cockroaches
  7 hobgoblins
  3 kobolds (D:2)
  A quokka (D:3)
  5 bats
  5 frilled lizards
  4 goblins
  5 rats
48 creatures vanquished.

Notes
Turn   | Place    | Note
-------+----------+-------------------------------------------
     0 | D:1      | empire the Deep Elf Air Elementalist began the quest for the Orb.
     0 | D:1      | Reached XP level 1. HP: 10/10 MP: 6/6
   292 | D:1      | Reached XP level 2. HP: 15/15 MP: 1/8
  1032 | D:2      | Found an iron altar of Okawaru.
  1033 | D:2      | Noticed Ijyb
  1038 | D:2      | Reached XP level 3. HP: 9/19 MP: 6/9
  1054 | D:2      | Killed Ijyb
  1337 | D:2      | Reached skill level 4 in Air Magic
  1374 | D:2      | Reached XP level 4. HP: 18/24 MP: 8/10
  2023 | D:3      | Learned a level 2 spell: Swiftness
  2027 | D:3      | Learned a level 3 spell: Ozocubu's Armour
  2030 | D:3      | Learned a level 2 spell: Repel Missiles
  2442 | D:4      | Reached XP level 5. HP: 28/28 MP: 7/11
  2445 | D:4      | Reached skill level 1 in Charms
  2449 | D:4      | Reached skill level 1 in Ice Magic
  2457 | D:4      | Killed from afar by an orc priest

Skill      XL: |  1  2  3  4  5 |
---------------+----------------+-----
Conjurations   | 2 3 |  3.5
Air Magic      | 4 |  4.4
Charms         | 1 |  1.1
Ice Magic      | 1 |  1.0
Dodging        | |  2.4
Stealth        | |  2.4
Spellcasting   | |  3.0

Action                   |  1- 3 |  4- 6 || total
-------------------------+-------+-------++-------
Melee: Dagger            |    33 |    33 ||    66
 Cast: Shock             |    25 |    21 ||    46
  Use: Potion            |       |     1 ||     1
 Stab: Sleeping          |     4 |     1 ||     5
  Eat: Chunk             |     1 |     3 ||     4
Armor: Robe              |    10 |     4 ||    14
Dodge: Dodged            |    31 |    31 ||    62
